 Dungeon Crawl Stone Soup version 0.23-a0-252-g069075cd5b (webtiles) character file.

199 mihairusu the Chopper (level 5, 0/47 HPs)
             Began as a Minotaur Berserker on Sept 29, 2018.
             Was a Believer of Trog.
             Slain by a gnoll
             ... wielding a +0 halberd
              (4 damage)
             ... on level 3 of the Dungeon.
             The game lasted 00:04:42 (1414 turns).

mihairusu the Chopper (Minotaur Berserker)          Turns: 1414, Time: 00:04:43

Health: 0/47       AC:  5    Str: 21    XL:     5   Next: 48%
Magic:  4/4        EV: 12    Int:  4    God:    Trog [**....]
Gold:   118        SH:  0    Dex: 11    Spells: 4/4 levels left

rFire    . . .     SeeInvis .   i - +1 war axe (drain)
rCold    . . .     Gourm    .   (no shield)
rNeg     . . .     Faith    .   f - +0 ring mail (curse)
rPois    .         Spirit   .   (helmet restricted)
rElec    .         Reflect  .   (no cloak)
rCorr    .         Harm     .   (no gloves)
MR       .....                  (no boots)
Stlth    +.........             (no amulet)
HPRegen  0.15/turn              (no ring)
MPRegen  0.09/turn              (no ring)

@: berserk cooldown, slowed, very slow
A: retaliatory headbutt, horns 2
a: Berserk, Trog's Hand, Renounce Religion


You were on level 3 of the Dungeon.
You worshipped Trog.
Trog was pleased with you.
You were not hungry.

You visited 1 branch of the dungeon, and saw 3 of its levels.

You collected 118 gold pieces.

Inventory:

Hand Weapons
 a - a +0 hand axe
 i - a +1 war axe of draining (weapon)
Missiles
 m - a throwing net (quivered)
Armour
 b - a +0 animal skin
 f - a cursed +0 ring mail (worn)
Scrolls
 d - 3 scrolls of teleportation {unknown}
 g - 3 scrolls of fog {unknown}
 h - a scroll of enchant weapon {unknown}
 k - a scroll of fear {unknown}
 l - 2 scrolls of identify {unknown}
Potions
 e - a potion of haste {unknown}
 j - a potion of mutation {unknown}
Comestibles
 c - 3 rations
 n - a chunk of flesh


   Skills:
 + Level 4.7 Fighting
 * Level 5.3 Axes
 + Level 3.9 Armour
 + Level 3.4 Dodging


You had 4 spell levels left.
You didn't know any spells.
Your spell library was empty.

Dungeon Overview and Level Annotations

Branches:
Dungeon (3/15)

Altars:

Annotations:
D:3 Ijyb


Innate Abilities, Weirdness & Mutations

You reflexively headbutt those who attack you in melee.
You have a pair of horns on your head.


Message History

You kill the gnoll!
Trog accepts your kill.
The gnoll closely misses you. x2; The kobold barely misses you.
You closely miss the kobold. Your headbutt misses the kobold.
The gnoll hits you from afar with a halberd!
* * * LOW HITPOINT WARNING * * *
The kobold closely misses you.
You barely miss the kobold. You headbutt the kobold.
You kill the kobold!
Trog accepts your kill. The gnoll hits you but does no damage.
The gnoll misses you. Ijyb screams, "Me kill you!"
The gnoll closely misses you.
Things that are here:
a dagger; a spear; a gnoll corpse The gnoll hits you from afar with a halberd!
* * * LOW HITPOINT WARNING * * *
The gnoll barely misses you.
The gnoll hits you from afar with a halberd.
You die...

#..........#####.
#....#.....# #.
#.[..#.....## #. ##
#...........####. #.##
#..#.#.##........
#..###..#.......######
#..##.....†#...# #
##g..#.........# #
#g##@#######...# #
#g.##.# #...# #
.g#.##.# #...######
#..#..... #.........
#. #....# ###....####.
.. ##....
............. .. ....
.........†.†.. ..#
#..#.......(........
.#####....####.


You could see a gnoll.

Vanquished Creatures
  Jessica (D:2)
  Natasha (thrice) (D:3)
  Robin (D:3)
  An adder (D:3)
  2 gnolls (D:3)
  An ooze (D:3)
  2 worms (D:3)
  A dart slug (D:1)
  2 leopard geckos
  A ball python (D:1)
  A giant cockroach (D:3)
  14 goblins
  6 hobgoblins
  2 jackals (D:2)
  4 bats
  4 frilled lizards
  5 kobolds
  4 rats
55 creatures vanquished.

Notes
Turn   | Place    | Note
-------+----------+-------------------------------------------
     0 | D:1      | mihairusu the Minotaur Berserker began the quest for the
                  | Orb.
     0 | D:1      | Reached XP level 1. HP: 19/19 MP: 0/0
   191 | D:1      | Reached XP level 2. HP: 25/27 MP: 1/1
   602 | D:2      | Reached ** piety under Trog
   713 | D:2      | Reached skill level 4 in Axes
   761 | D:2      | Noticed Jessica
   763 | D:2      | Killed Jessica
   763 | D:2      | Reached XP level 3. HP: 33/33 MP: 2/2
   987 | D:3      | Noticed Natasha
   992 | D:3      | Killed Natasha
   992 | D:3      | Reached XP level 4. HP: 40/40 MP: 3/3
  1001 | D:3      | Noticed Robin
  1008 | D:3      | Killed Robin
  1171 | D:3      | Noticed Natasha
  1178 | D:3      | Killed Natasha
  1178 | D:3      | Reached skill level 5 in Axes
  1178 | D:3      | Reached XP level 5. HP: 47/47 MP: 4/4
  1308 | D:3      | Noticed Natasha
  1312 | D:3      | Killed Natasha
  1396 | D:3      | Noticed Ijyb
  1414 | D:3      | Slain by a gnoll

Vault maps used:
D:1:      onia_arrival_pentagram
D:2:      uniq_jessica
D:3:      first_ration, uniq_ijyb, uniq_natasha, uniq_robin

Skill      XL: |  1  2  3  4 |
---------------+-------------+-----
Fighting       | 4 |  4.7
Axes           | 4 5 |  5.3
Armour         | 3 |  3.9
Dodging        | 3 |  3.4

Action                   |  1- 3 |  4- 6 || total
-------------------------+-------+-------++-------
Melee: Hand axe          |    31 |       ||    31
       Headbutt          |     9 |     7 ||    16
       War axe           |    14 |    45 ||    59
Invok: Trog's Hand       |     1 |     1 ||     2
       Berserk           |       |     1 ||     1
  Eat: Ration            |       |     1 ||     1
Armor: Animal skin       |     4 |       ||     4
       Ring mail         |     4 |     8 ||    12
Dodge: Dodged            |    30 |    38 ||    68

Table legend:
 A = Non-vault XP
 B = Vault XP
 C = Vault XP percentage of total XP
 D = Non-vault monster count
 E = Vault monster count
 F = Vault count percentage of total count
                 A         B        C        D         E       F
            +---------+---------+-------+---------+---------+-------
      Total |     185 |     100 |  35.1 |      43 |      12 |  21.8
            +---------+---------+-------+---------+---------+-------
        D:1 |      25 |       0 |   0.0 |      14 |       0 |   0.0
        D:2 |      11 |      37 |  77.1 |       8 |       1 |  11.1
        D:3 |     149 |      63 |  29.7 |      21 |      11 |  34.4
            +---------+---------+-------+---------+---------+-------
